 Dungeon Crawl Stone Soup version 0.28-a0-1415-g7c84da036a (webtiles) character file.

Game seed: 13944495318612730434

25 funkygono the Firebug (level 3, -3/19 HPs)
             Began as a Gargoyle Fire Elementalist on Jan 7, 2022.
             Slain by a gnoll shaman (10 damage)
             ... on level 2 of the Dungeon.
             The game lasted 00:02:41 (1345 turns).

funkygono the Firebug (Gargoyle Fire Elementalist)  Turns: 1345, Time: 00:02:41

Health: -3/19      AC:  5    Str: 11    XL:     3   Next: 4%
Magic:  2/6        EV: 12    Int: 17    God:
Gold:   18         SH:  0    Dex: 10    Spells: 0/6 levels left

rFire   . . .      SeeInvis .   g - +0 mace
rCold   . . .      Faith    .   (no shield)
rNeg    + . .      Spirit   .   a - +0 robe
rPois   ∞          Reflect  .   (no helmet)
rElec   +          Harm     .   (no cloak)
rCorr   .          Rampage  .   (no gloves)
Will    .....                   (no boots)
Stlth   +.........              (no amulet)
HPRegen 0.06/turn               (no ring)
MPRegen 0.10/turn               (no ring)

@: lit by a corona, glowing
A: sickness immunity, AC +3, negative energy resistance 1, electricity
resistance, torment resistance 1, petrification resistance
a: no special abilities


You were on level 2 of the Dungeon.
You visited 1 branch of the dungeon, and saw 2 of its levels.

You collected 18 gold pieces.

Inventory:

Hand Weapons
 g - a +0 mace (weapon)
Missiles
 f - 42 stones
Armour
 a - a +0 robe (worn)
Scrolls
 b - 2 scrolls of identify {unknown}
 c - a scroll of torment {unknown}
 d - a scroll of magic mapping {unknown}
 e - 2 scrolls of enchant armour {unknown}


   Skills:
 + Level 1.6 Dodging
 - Level 2.1 Stealth
 * Level 2.3 Spellcasting
 * Level 1.5 Conjurations
 * Level 3.7 Fire Magic


You couldn't memorise any spells.
You knew the following spells:

 Your Spells              Type           Power      Damage    Failure   Level
a - Foxfire               Conj/Fire      40%        2x1d6     6%          1
b - Scorch                Fire           28%        2d6       6%          2
c - Conjure Flame         Conj/Fire      10%        6-21      19%         3

Your spell library contained the following spells:

 Spells                   Type           Power      Damage    Failure   Level
 Inner Flame              Hex/Fire       8%         N/A       26%         3
 Summon Guardian Golem    Hex/Summ       1%         N/A       50%         3
 Flame Wave               Conj/Fire      10%        2d5       54%         4
 Summon Lightning Spire   Summ/Air       1%         N/A       88%         4
 Summon Mana Viper        Hex/Summ       1%         N/A       99%         5


Dungeon Overview and Level Annotations

Branches:
Dungeon (2/15)

Altars:
Ru

Shops:
D:1 (


Innate Abilities, Weirdness & Mutations

You are immune to sickness and miasma.
Your stone body is resilient. (AC +3)
You are immune to poison.
You resist negative energy. (rN+)
You are resistant to electric shocks. (rElec)
You are resistant to unholy torment.
You are immune to petrification.


Message History

Confirm with . or Enter, or press ? or * to list all spells.
You conjure some foxfire!
Casting: Foxfire (safe; 6% risk of failure)
Confirm with . or Enter, or press ? or * to list all spells.
You conjure some foxfire!
The foxfire hits the gnoll shaman but does no damage.
The foxfire hits the gnoll shaman.
The gnoll shaman is moderately wounded.
The foxfire hits the gnoll shaman but does no damage.
The gnoll shaman is moderately wounded.
Casting: Foxfire (safe; 6% risk of failure)
Confirm with . or Enter, or press ? or * to list all spells.
Flames lash the gnoll shaman.
The gnoll shaman is severely wounded.
The gnoll shaman's fire resistance burns away.
The foxfire hits the gnoll shaman.
The gnoll shaman is burned terribly!
The gnoll shaman is almost dead.
You barely miss the gnoll shaman.
The gnoll shaman is almost dead.
The gnoll shaman completely misses you.
The endoplasm hits you but does no damage.
The gnoll shaman barely misses you. The endoplasm hits you.
The gnoll shaman is no longer more vulnerable to fire.
The gnoll shaman mumbles some strange prayers to its god against you.
You are outlined in light.
The gnoll shaman hits you with a +0 club.
The gnoll shaman mumbles some strange prayers to its god.
The gnoll shaman is healed somewhat.
The gnoll shaman hits you but does no damage.
You barely miss the gnoll shaman.
The gnoll shaman is heavily wounded.
The gnoll shaman barely misses you.
You hit the gnoll shaman.
The gnoll shaman is severely wounded.
The gnoll shaman hits you with a +0 club. x2
You hit the gnoll shaman but do no damage.
The gnoll shaman is heavily wounded.
The gnoll shaman hits you with a +0 club!
Ouch! That really hurt!
You die...

####.....
########.....#
#........#g###
#.####.### .!##
#.....# g....
#.#...#§v_..#.
#J#.........#
#########
#g#...##(..## .
........ #@###..#
#.#
#.###....######.#
##.# .
#........<......#
...
##.....########
.#.# #.#.......#
.#.# ##.#..#.# ..
. #.#..# #.#..#
#.#..#


You could see a gnoll shaman and an endoplasm.

Vanquished Creatures
  A dart slug (D:1)
  4 endoplasms
  2 giant cockroaches (D:1)
  3 goblins (D:1)
  2 hobgoblins (D:2)
  A quokka (D:1)
  A ball python (D:1)
  2 bats
  A frilled lizard (D:1)
  A kobold (D:1)
  3 rats (D:1)
21 creatures vanquished.

Vanquished Creatures (others)
  55 foxfires
55 creatures vanquished.

Grand Total: 76 creatures vanquished

Notes
Turn   | Place    | Note
-------+----------+-------------------------------------------
     0 | D:1      | funkygono the Gargoyle Fire Elementalist began the quest
                  | for the Orb.
     0 | D:1      | Reached XP level 1. HP: 10/10 MP: 3/3
   328 | D:1      | Reached XP level 2. HP: 15/15 MP: 0/5
   331 | D:1      | Learned a level 2 spell: Scorch
   477 | D:1      | Got Adoaphei's Papyrus of Calling
   620 | D:1      | Found Ylepsoed's Antique Weapon Boutique.
  1252 | D:2      | Found a sacrificial altar of Ru.
  1260 | D:2      | Reached XP level 3. HP: 19/19 MP: 0/6
  1264 | D:2      | Learned a level 3 spell: Conjure Flame
  1345 | D:2      | Slain by a gnoll shaman

Illustrated notes

Levels and vault maps discovered:
D:1:      erik_arrival_blinker_ship, layout_basic, serial_shops,
          nicolae_shop_window_shopping
D:2:      layout_basic, minivault_24, minmay_hexomino_r4

Action                   || total
-------------------------++-------
Melee: Club              ||     2
       Mace              ||    10
 Cast: Foxfire           ||    35
       Scorch            ||     2
Armor: Robe              ||    10
Dodge: Dodged            ||    11

Table legend: (Time is in decaauts)
 A = Elapsed time spent in this place.
 B = Non-inter-level travel time spent in this place.
 C = Inter-level travel time spent in this place.
 D = Time resting spent in this place.
 E = Time spent auto-exploring this place.
 F = Levels seen in this place.
 G = Mean time per level.
                   A        B        C        D        E       F      G
               +--------+--------+--------+--------+--------+-----+--------+
         Total |   1347 |   1323 |     24 |      0 |   1118 |   2 |  673.5 |
       Dungeon |   1347 |   1323 |     24 |      0 |   1118 |   2 |  673.5 |
               +--------+--------+--------+--------+--------+-----+--------+

Top non-repeatable levels by time:
     D:1: 1164 daAuts
     D:2: 183 daAuts
